 Dungeon Crawl Stone Soup version 0.24.0-123-gd5b16e6ec5 (webtiles) character file.

Game seed: 16676476636263289042, levelgen mode: deterministic

250 ploer the Grave Robber (level 5, -1/31 HPs)
             Began as a Vampire Necromancer on Jan 19, 2020.
             Slain by Alannah's ghost (4 damage)
             ... on level 3 of the Dungeon.
             The game lasted 00:28:03 (2696 turns).

ploer the Grave Robber (Vampire Necromancer)        Turns: 2696, Time: 00:28:04

Health: -1/31      AC:  2    Str:  7    XL:     5   Next: 88%
Magic:  11/11      EV: 13    Int: 19    God:
Gold:   124        SH:  0    Dex: 14    Spells: 11/12 levels left

rFire    + . .     SeeInvis +   r - +0 short sword (drain)
rCold    + . .     Gourm    .   (no shield)
rNeg     . . .     Faith    .   a - +0 robe
rPois    .         Spirit   .   (no helmet)
rElec    .         Reflect  .   j - scarf {rC+ rF+}
rCorr    .         Harm     .   (no gloves)
MR       .....                  (no boots)
Stlth    ++........             (no amulet)
HPRegen  0.30/turn              (no ring)
MPRegen  0.12/turn              (no ring)

@: regenerating quickly
A: no food, fangs 3, see invisible, [frail 1], unbreathing
a: Exsanguinate


You were on level 3 of the Dungeon.
You were alive.

You visited 1 branch of the dungeon, and saw 3 of its levels.

You collected 124 gold pieces.

Inventory:

Hand Weapons
 l - a +0 scythe
 r - a +0 short sword of draining (weapon)
Missiles
 v - 18 poisoned darts (quivered)
Armour
 a - a +0 robe (worn)
 j - a scarf of resistance (worn)
 m - a cursed +0 robe
 p - a +1 robe of magic resistance
 t - a cursed -1 leather armour
 u - a +0 cloak
Jewellery
 w - an uncursed ring of stealth
Wands
 n - a wand of polymorph (5)
Scrolls
 b - 2 scrolls of remove curse {unknown}
 e - a scroll of immolation {unknown}
 f - a scroll of fear {unknown}
 g - a scroll of identify {unknown}
 h - 3 scrolls of teleportation {unknown}
 i - a scroll of amnesia {unknown}
 k - 2 scrolls of enchant armour {unknown}
 q - a scroll of blinking
 s - a scroll of fog {unknown}
Potions
 c - 2 potions of curing
 d - a potion of resistance
 o - a potion of berserk rage {unknown}


   Skills:
 + Level 0.4 Short Blades
 - Level 2.3 Dodging
 - Level 3.5 Stealth
 + Level 4.2 Spellcasting
 + Level 6.1 Necromancy


You had 11 spell levels left.
You knew the following spells:

 Your Spells              Type           Power        Failure   Level  Hunger
a - Pain                  Necr           ####         1%          1    N/A

Your spell library contained the following spells:

 Spells                   Type           Power        Failure   Level  Hunger
 Animate Skeleton         Necr           N/A          1%          1    N/A
 Vampiric Draining        Necr           ####......   3%          3    N/A
 Animate Dead             Necr           N/A          11%         4    N/A
 Regeneration             Chrm/Necr      ###.......   12%         3    N/A

Dungeon Overview and Level Annotations

Branches:
Dungeon (3/15)

Altars:
Ashenzari
Kikubaaqudgha

Annotations:
D:3 Alannah's ghost, amateur DsHu


Innate Abilities, Weirdness & Mutations

You do not eat.
Your natural rate of healing is unusually fast.
You have razor-sharp teeth.
You have supernaturally acute eyesight. (SInv)
You can survive without breathing.
[You are frail. (-10% HP)]


Message History

* * * LOW HITPOINT WARNING * * *
Alannah's ghost screams, "I was like you once."
Alannah's ghost hits you.
* * * LOW HITPOINT WARNING * * *
Alannah's ghost shrieks, "To die, to sleep, no more."
Casting: Pain (safe; 1% risk of failure)
Confirm with . or Enter, or press ? or * to list all spells.
You can't see any susceptible monsters within range! (Use Z to cast anyway.) Alannah's ghost hits you!
Casting: Pain (safe; 1% risk of failure)
Confirm with . or Enter, or press ? or * to list all spells.
You don't know that spell.
You hit Alannah's ghost but do no damage.
Alannah's ghost hits you.
* * * LOW HITPOINT WARNING * * *
You barely miss Alannah's ghost. Alannah's ghost hits you.
* * * LOW HITPOINT WARNING * * *
You hit Alannah's ghost but do no damage.
Alannah's ghost hits you.
You die...

.............#.........#.........
#####.#####..#........$#.........
#..#....©#....©...%#©........
######.#.##..#........$#..#......
.............#.........#..#.....#
#######..###.#8.......8#....#####
.....##..# #.##......$##........#
.........###..#########.....#####
.#<#.###..###...@W.......)......#
.#.#.# ##.# #.########'#'#######.
.#.#.# #.# #.# #.#.#.......
.#.#.####.# #.# #.#.#.####..
#.......#.# #.# #.#.#.# #.#
........#.###.#### #.#.#.# #.#
........#..##....#####.#.#.######
........##.##....##....#........#
........##..#....##....####.#####


You could see Alannah's ghost.

Vanquished Creatures
  3 adders
  2 oozes (D:3)
  A worm (D:3)
  2 dart slugs (D:1)
  4 leopard geckos
  5 orcs (D:3)
  A giant cockroach (D:1)
  9 goblins
  2 hobgoblins (D:1)
  A jackal (D:3)
  9 kobolds
  A quokka (D:3)
  9 bats
  4 frilled lizards
  9 rats
  A withered plant (D:2)
63 creatures vanquished.

Vanquished Creatures (others)
  Sigmund (D:2)
1 creature vanquished.

Grand Total: 64 creatures vanquished

Notes
Turn   | Place    | Note
-------+----------+-------------------------------------------
     0 | D:1      | ploer the Vampire Necromancer began the quest for the Orb.
     0 | D:1      | Reached XP level 1. HP: 13/13 MP: 3/3
   154 | D:1      | Reached XP level 2. HP: 17/19 MP: 0/5
   333 | D:1      | Reached skill level 5 in Necromancy
   666 | D:2      | Reached XP level 3. HP: 24/24 MP: 4/6
   769 | D:2      | Found an ancient bone altar of Kikubaaqudgha.
  1018 | D:2      | Noticed Sigmund
  1051 | D:2      | Killed Sigmund
  1051 | D:2      | Reached XP level 4. HP: 27/27 MP: 0/9
  1051 | D:2      | Reached XP level 5. HP: 31/31 MP: 0/10
  1480 | D:2      | Reached skill level 6 in Necromancy
  1784 | D:3      | Found a transporter.
  1792 | D:3      | Noticed Alannah's ghost (amateur DsHu)
  1796 | D:3      | Found a transporter.
  2224 | D:3      | Found a shattered altar of Ashenzari.
  2228 | D:3      | Saw a vision of the Shoals and the Snake Pit.
  2228 | D:3      | Noticed a sea snake
  2228 | D:3      | Noticed a merfolk siren
  2228 | D:3      | Noticed a merfolk
  2228 | D:3      | Noticed a sea snake
  2228 | D:3      | Noticed a merfolk
  2228 | D:3      | Noticed an anaconda
  2228 | D:3      | Noticed a salamander
  2228 | D:3      | Noticed a salamander
  2228 | D:3      | Noticed a naga sharpshooter
  2230 | D:3      | Noticed a merfolk siren
  2696 | D:3      | Slain by Alannah's ghost

Levels and vault maps discovered:
D:1:      dpeg_chamrin_arrival_tetris, layout_basic
D:2:      layout_loops_corners, kiku_gazebo_garden_becter, first_ration,
          uniq_sigmund
D:3:      layout_basic, gammafunk_ghost_arena, nrook_uturn,
          grunt_ashenzari_visionary [grunt_ashenzari_visionary_shoals,
          grunt_ashenzari_visionary_snake]

Skill      XL: |  1  2  3  4  5 |
---------------+----------------+-----
Necromancy     | 5 6 |  6.1
Spellcasting   | 3 4 |  4.2
Short Blades   | |  0.4
Dodging        | |  2.3
Stealth        | |  3.5

Action                   |  1- 3 |  4- 6 || total
-------------------------+-------+-------++-------
Melee: Dagger            |   193 |     2 ||   195
       Bite              |    29 |       ||    29
       Short sword       |       |     4 ||     4
       Scythe            |       |     3 ||     3
 Cast: Pain              |    43 |    66 ||   109
 Abil: Exsanguinate      |     1 |       ||     1
       Revivify          |     1 |       ||     1
  Use: Potion            |     1 |     1 ||     2
       Scroll            |       |     1 ||     1
Armor: Robe              |     4 |     4 ||     8
       Skin              |    11 |       ||    11
Dodge: Dodged            |    12 |    19 ||    31
